 Dungeon Crawl Stone Soup version 0.29-a0-214-g17f627cfee (webtiles) character file.

Game seed: 10671514740772575177

3183 freelancePsychic the Covert (level 9, -3/114 (118) HPs)
             Began as a Naga Venom Mage on Feb 24, 2022.
             Was an Initiate of Gozag.
             Shot with an arrow by a centaur (4 damage)
             ... on level 7 of the Dungeon.
             The game lasted 00:23:08 (8595 turns).

freelancePsychic the Covert (Naga Venom Mage)       Turns: 8595, Time: 00:23:09

HP:   -3/114 (118)  AC:  7    Str: 13    XL:     9   Next: 95%
MP:   15/24         EV:  8    Int: 20    God:    Gozag
Gold: 245           SH:  0    Dex: 11    Spells: 5/17 levels left

rFire   . . .      SeeInvis +   k - +1 quick blade (flame)
rCold   . . .      Faith    .   (no shield)
rNeg    . . .      Spirit   .   d - +0 ring mail of Wu Jian's Vengeance {Contam Regen+ Str+2}
rPois   +          Reflect  .   (no helmet)
rElec   .          Harm     .   (no cloak)
rCorr   .          Rampage  .   A - +1 pair of gloves
Will    +....                   (no barding)
Stlth   ..........              (no amulet)
HPRegen 1.09/turn               n - ring of magical power
MPRegen 0.19/turn               c - ring of wizardry

@: berserking (expiring), gold aura, slowed, lightly drained, very slow
A: AC +3, large, see invisible, deformed body, poison resistance, slowness 2,
spit poison 1, naga tail 1
a: Spit Poison, Renounce Religion, Potion Petition, Call Merchant, Bribe Branch


You were on level 7 of the Dungeon.
You worshipped Gozag.
Gozag was aware of your devotion.
You visited 1 branch of the dungeon, and saw 7 of its levels.

You collected 936 gold pieces.
You spent 316 gold pieces at shops.
You paid 375 gold pieces to Gozag.

Inventory:

Hand Weapons
 k - a +1 quick blade of flaming (weapon)
Missiles
 o - 3 curare-tipped darts
Armour
 a - a +1 robe
 d - the +0 ring mail of Wu Jian's Vengeance (worn) {Contam Regen+ Str+2}
   (You found it on level 4 of the Dungeon)

   Str:       It affects your strength (+2).
   Contam:    It causes magical contamination when unequipped.
   Regen:     It increases your rate of health regeneration.
 A - a +1 pair of gloves (worn)
Jewellery
 c - a ring of wizardry (right hand)
 h - a +6 ring of dexterity
 n - a ring of magical power (left hand)
 y - a ring of flight
Wands
 j - a wand of flame (24)
 q - a wand of iceblast (17)
Scrolls
 e - a scroll of magic mapping
 g - a scroll of identify {@r1}
 i - 4 scrolls of immolation
 s - a scroll of fear
 u - a scroll of noise
 x - a scroll of acquirement {unknown}
 z - a scroll of blinking {unknown}
Potions
 b - a potion of curing {@q1}
 l - a potion of brilliance {unknown}
 m - 2 potions of resistance {unknown}
 p - a potion of lignification {unknown}
 r - a potion of might {unknown}
 t - a potion of attraction {unknown}
 v - a potion of flight {unknown}


   Skills:
 + Level 4.5 Fighting
 + Level 2.5 Short Blades
 + Level 1.7 Armour
 - Level 1.5 Dodging
 + Level 10.3 Stealth
 - Level 4.6 Spellcasting
 - Level 3.5 Conjurations
 - Level 3.4 Transmutations
 - Level 3.1 Fire Magic
 - Level 1.9 Air Magic
 - Level 9.3 Poison Magic


You had 5 spell levels left.
You knew the following spells:

 Your Spells              Type           Power      Damage    Failure   Level
b - Poisonous Vapours     Pois/Air       54%        N/A       1%          2
c - Ignite Poison         Fire/Tmut/Pois 26%        N/A       3%          3
d - Olgreb's Toxic Radia  Pois           42%        N/A       2%          4
e - Mephitic Cloud        Conj/Pois/Air  24%        N/A       4%          3

Your spell library contained the following spells:

 Spells                   Type           Power      Damage    Failure   Level
 Sting                    Tmut/Pois      100%       1d8       1%          1
 Conjure Flame            Conj/Fire      18%        6-21      8%          3
 Sticky Flame             Conj/Fire      18%        2d4       26%         4


Dungeon Overview and Level Annotations

Branches:
Dungeon (7/15)             Temple (0/1) D:4

Altars:
Cheibriados
Fedhas
Gozag
Nemelex Xobeh
Okawaru
Ru
Sif Muna
Xom

Shops:
D:3 :!   D:5 [

Annotations:
D:6 3 runed translucent doors, GaryGuesser's ghost, novice MiBe


Innate Abilities, Weirdness & Mutations

Your serpentine skin is tough. (AC +3)
You have supernaturally acute eyesight. (SInv)
Armour fits poorly on your strangely shaped body.
Your system is resistant to poisons. (rPois)
You cover ground very slowly.
You can spit poison.
You have a snake-like lower body.


Message History

You feel yourself moving faster!
You feel mighty!
The kobold shouts! x2; You hear a shout!
The wight hits you but does no damage.
The centaur shoots an arrow.
The arrow closely misses you.
The wight hits you from afar with a +3 spear.
You feel drained. The wight hits you with a +0 flail!
You feel drained.
The wight hits you from afar with a +3 spear.
* * * LOW HITPOINT WARNING * * *
You hit the wight. You burn the wight.
The wight is moderately damaged.
The wight closely misses you.
The wight barely misses you. x2; The wight completely misses you.
You feel a strong urge to attack something.
The centaur shoots an arrow.
The arrow hits you.
* * * LOW HITPOINT WARNING * * *
The wight hits you with a +0 mace.
* * * LOW HITPOINT WARNING * * *
A kobold comes into view. It is wielding a +0 short sword.
The centaur shoots an arrow.
The arrow hits you.
* * * LOW HITPOINT WARNING * * *
The kobold hits you with a +0 dagger.
* * * LOW HITPOINT WARNING * * *
The kobold shouts!
You puncture the wight! You burn the wight.
The wight is heavily damaged.
The kobold hits you but does no damage.
The centaur shoots an arrow.
The arrow hits you.
* * * LOW HITPOINT WARNING * * *
You puncture the wight! You burn the wight.
You destroy the wight!
The centaur shoots an arrow.
The arrow hits you!
* * * LOW HITPOINT WARNING * * *
The kobold hits you with a +0 dagger.
* * * LOW HITPOINT WARNING * * *
You closely miss the wight.
The wight is moderately damaged.
The kobold shouts!
The centaur shoots an arrow.
The arrow hits you.
You die...
Your body crumbles into a pile of gold.

. #....<..#......>..#
..#)......#.........#
..##.....##...##....#
..##.....##'####...##
...#............$..#
...#................#
...'................# .
...#.....##...####### ...
$.$#.....#######@..##....
$..#.........KKKKzc......
...#..........KKzz.......
..##.....K.K.......##....
..##.....##...##...# ...
...#.....##... #...# .
..## #.. #.... ..# #.#
####.. ... #. ...


You could see a kobold brigand, a centaur, 3 wights and 7 kobolds.

Vanquished Creatures
  Maggie (D:6)
  2 wraiths (D:7)
  5 yaks (D:5)
  A sky beast (D:6)
  3 ice beasts (D:6)
  A hornet zombie (D:7)
  A necrophage (D:6)
  2 ogres
  A phantom (D:5)
  2 gnoll sergeants
  A wight (D:7)
  A centaur zombie (D:5)
  2 jellies
  A bullfrog skeleton (D:6)
  4 orc priests
  A centaur skeleton (D:6)
  6 orc wizards
  A hound zombie (D:5)
  2 hound skeletons (D:4)
  7 adders
  24 gnolls
  3 river rats (D:5)
  2 worms
  An adder skeleton (D:4)
  4 dart slugs
  22 orcs
  5 endoplasms
  2 giant cockroaches
  4 goblins
  10 hobgoblins
  2 jackals (D:2)
  5 kobolds
  4 quokkas
  11 ball pythons
  7 bats
  5 frilled lizards
  5 rats
161 creatures vanquished.

Vanquished Creatures (others)
  3 fungi (D:4)
3 creatures vanquished.

Grand Total: 164 creatures vanquished

Notes
Turn   | Place    | Note
-------+----------+-------------------------------------------
     0 | D:1      | freelancePsychic the Naga Venom Mage began the quest for
                  | the Orb.
     0 | D:1      | Reached XP level 1. HP: 15/15 MP: 3/3
    89 | D:1      | Reached XP level 2. HP: 9/22 MP: 1/5
    92 | D:1      | Learned a level 2 spell: Poisonous Vapours
   732 | D:1      | Reached skill level 1 in Air Magic
  1145 | D:1      | Reached XP level 3. HP: 10/28 MP: 1/6
  1877 | D:2      | Reached XP level 4. HP: 36/36 MP: 0/7
  2045 | D:2      | Found a faded altar of an unknown god.
  2078 | D:2      | Reached skill level 4 in Stealth
  2106 | D:2      | Reached skill level 5 in Poison Magic
  2301 | D:2      | Found a sparkling altar of Nemelex Xobeh.
  2543 | D:3      | Found a sacrificial altar of Ru.
  2674 | D:3      | Reached XP level 5. HP: 42/42 MP: 4/9
  2771 | D:3      | Learned a level 4 spell: Olgreb's Toxic Radiance
  2783 | D:3      | Reached skill level 5 in Stealth
  3181 | D:3      | Found Neckeu's Distillery.
  3206 | D:3      | Bought a potion of curing for 42 gold pieces
  3206 | D:3      | Bought a potion of degeneration for 14 gold pieces
  3355 | D:3      | Found Pimecer's Book Shop.
  3377 | D:3      | Found an iron altar of Okawaru.
  4138 | D:4      | You fall into a shaft and drop 3 floors!
  4138 | D:7      | Found an opulent altar of Gozag.
  4140 | D:7      | Became a worshipper of Gozag Ym Sagoz the Greedy
  4144 | D:7      | Noticed a kobold brigand
  4145 | D:7      | Noticed a wyvern
  4174 | D:6      | Found a blossoming altar of Fedhas.
  4249 | D:6      | Noticed an ice beast
  4260 | D:6      | Noticed a necrophage
  4285 | D:6      | Noticed an ice beast
  4334 | D:6      | Killed a necrophage
  4335 | D:6      | Reached skill level 1 in Fighting
  4335 | D:6      | Reached skill level 6 in Stealth
  4335 | D:6      | Reached XP level 6. HP: 13/51 MP: 10/10
  4651 | D:6      | Found a shimmering altar of Xom.
  4664 | D:6      | Noticed a sky beast
  4689 | D:6      | Killed a sky beast
  4690 | D:6      | Found a runed translucent gate.
  4767 | D:6      | Found a runed translucent gate.
  4768 | D:6      | Found a runed translucent gate.
  4772 | D:6      | Noticed GaryGuesser's ghost (novice MiBe)
  4813 | D:6      | Learned a level 3 spell: Mephitic Cloud
  4883 | D:6      | Reached XP level 7. HP: 25/60 MP: 10/11
  4916 | D:5      | Entered Level 5 of the Dungeon
  5121 | D:5      | Noticed a yak
  5121 | D:5      | Noticed a yak
  5123 | D:5      | Noticed a yak
  5125 | D:5      | Noticed a yak
  5128 | D:5      | Noticed a yak
  5149 | D:5      | Killed a yak
  5150 | D:5      | Reached skill level 7 in Stealth
  5152 | D:5      | Killed a yak
  5161 | D:5      | Killed a yak
  5162 | D:5      | Reached skill level 8 in Stealth
  5162 | D:5      | Reached XP level 8. HP: 20/69 MP: 3/14
  5411 | D:4      | Identified the +0 ring mail of Wu Jian's Vengeance {Contam
                  | Regen+ Str+2}
  5608 | D:4      | Found a shimmering blue altar of Sif Muna.
  5952 | D:4      | Reached skill level 1 in Conjurations
  6001 | D:4      | Found a staircase to the Ecumenical Temple.
  6586 | D:3      | Bought an Everburning Encyclopedia for 260 gold pieces
  6590 | D:3      | Learned a level 3 spell: Ignite Poison
  6747 | D:5      | Killed a yak
  6748 | D:5      | Reached skill level 9 in Stealth
  6748 | D:5      | Reached skill level 1 in Fire Magic
  6750 | D:5      | Killed a yak
  6751 | D:5      | Reached XP level 9. HP: 65/78 MP: 1/15
  7120 | D:5      | Found Schrutan's Dragon-Slaying Spoils.
  7191 | D:5      | Found a snail-covered altar of Cheibriados.
  7511 | D:6      | Noticed Maggie
  7525 | D:6      | Killed Maggie
  8016 | D:6      | Reached skill level 1 in Short Blades
  8412 | D:7      | Reached skill level 1 in Armour
  8412 | D:7      | Reached skill level 10 in Stealth
  8417 | D:7      | Noticed a skeletal warrior
  8594 | D:7      | HP: 4/112 [centaur/arrow (8)]
  8594 | D:7      | HP: 1/112 [kobold/+0 dagger (3)]
  8595 | D:7      | Shot with an arrow by a centaur

Illustrated notes

Levels and vault maps discovered:
D:1:      dpeg_arrival_simpleton_a, layout_basic, serial_park_tiny_2
D:2:      layout_rooms, basic_ecumenical_altar, basic_altar,
          kennysheep_small_spiral
D:3:      layout_loops_ring, mainiacjoe_overflow_catwalk, okawaru_gym_becter,
          serial_shops, nicolae_shop_trees, shop
D:4:      layout_basic, mainiacjoe_overflow_boulevard, minmay_temple_entry_hall,
          palyth_stone_intersect, kennysheep_generic_room_10
D:5:      layout_rooms, slow_altar_2, portal_sewer_entry_e,
          minmay_misc_feat_square, nicolae_shop_dragon_depot,
          minmay_misc_feat_alley
D:6:      layout_basic, amcnicky_altar_gilded, xom_butterflies,
          gammafunk_ghost_split, chequers_decorated_corner, uniq_maggie
D:7:      layout_gridville, trog_three_pillars_becter,
          mainiacjoe_overflow_24_doors, mainiacjoe_overflow_alcove_4,
          zin_scriptorium, minmay_guarded_unrand_finisher

Skill      XL: |  1  2  3  4  5  6  7  8  9 |
---------------+----------------------------+-----
Air Magic      | 1 |  1.9
Stealth        | 4 6 8 9 10 | 10.3
Poison Magic   | 5 6 7 8 9 |  9.3
Spellcasting   | 3 4 |  4.6
Fighting       | 1 2 3 4 |  4.5
Conjurations   | 2 3 |  3.5
Transmutations | 2 3 |  3.4
Fire Magic     | 1 3 |  3.1
Short Blades   | 2 |  2.5
Armour         | 1 |  1.7
Dodging        | |  1.5

Action                   |  1- 3 |  4- 6 |  7- 9 || total
-------------------------+-------+-------+-------++-------
Melee: Unarmed           |     7 |       |       ||     7
       Dagger            |    15 |       |       ||    15
       Quick blade       |    36 |   108 |   298 ||   442
       Punch             |       |     1 |     2 ||     3
 Cast: Sting             |    12 |     3 |       ||    15
       Poisonous Vapours |    28 |    41 |       ||    69
       Mephitic Cloud    |       |     1 |    21 ||    22
       Olgreb's Toxic Ra |       |       |    25 ||    25
       Ignite Poison     |       |       |    12 ||    12
Invok: Potion Petition   |       |       |     1 ||     1
 Abil: Spit Poison       |     6 |     3 |       ||     9
Evoke: Wand              |       |     4 |       ||     4
  Use: Scroll            |     4 |    10 |     8 ||    22
       Potion            |       |       |     2 ||     2
 Stab: Sleeping          |     1 |     7 |     9 ||    17
       Confused          |       |     2 |     8 ||    10
       Invisible         |       |       |     2 ||     2
       Distracted        |       |       |     1 ||     1
Armor: Robe              |    13 |    19 |     7 ||    39
       Ring mail         |       |       |    69 ||    69
Dodge: Dodged            |    35 |    33 |    89 ||   157

Table legend: (Time is in decaauts)
 A = Elapsed time spent in this place.
 B = Non-inter-level travel time spent in this place.
 C = Inter-level travel time spent in this place.
 D = Time resting spent in this place.
 E = Time spent auto-exploring this place.
 F = Levels seen in this place.
 G = Mean time per level.
                   A        B        C        D        E       F      G
               +--------+--------+--------+--------+--------+-----+--------+
         Total |  10183 |   9703 |    480 |   1082 |   6770 |   7 | 1454.7 |
       Dungeon |  10183 |   9703 |    480 |   1082 |   6770 |   7 | 1454.7 |
               +--------+--------+--------+--------+--------+-----+--------+

Top non-repeatable levels by time:
     D:6: 2090 daAuts
     D:1: 1921 daAuts
     D:4: 1912 daAuts
     D:3: 1766 daAuts
     D:5: 1328 daAuts
     D:2: 1041 daAuts
     D:7: 123 daAuts
